 Dungeon Crawl Stone Soup version 0.29.1-13-g9f3cf754e1 (webtiles) character file.

Game seed: 14084826944896040094

28 Vulpanium the Trooper (level 2, 0/22 (24) HPs)
             Began as a Demonspawn Chaos Knight on Jan 22, 2023.
             Was a Plaything of Xom.
             Slain by an orc priest
             ... wielding a +2 flail of draining
              (1 damage)
             ... on level 3 of the Dungeon.
             The game lasted 00:02:24 (973 turns).

Vulpanium the Trooper (Demonspawn Chaos Knight)      Turns: 973, Time: 00:02:25

HP:   0/22 (24)     AC:  6    Str: 12    XL:     2   Next: 96%
MP:   2/2           EV:  9    Int: 13    God:    Xom [..*...]
Gold: 27            SH:  4    Dex: 12    Spells: 1/1 levels left

rFire   . . .      SeeInvis .   a - +0 hand axe (chaos)
rCold   . . .      Faith    .   (no shield)
rNeg    . . .      Spirit   .   e - +0 scale mail
rPois   .          Reflect  .   (no helmet)
rElec   .          Harm     .   (no cloak)
rCorr   .          Rampage  .   (no gloves)
Will    .....                   (no boots)
Stlth   ..........              (no amulet)
HPRegen 0.07/turn               (no ring)
MPRegen 0.08/turn               (no ring)

@: drained
A: large bone plates 1
a: Renounce Religion


You were on level 3 of the Dungeon.
You worshipped Xom.
You were a toy of Xom.
You visited 1 branch of the dungeon, and saw 3 of its levels.

You collected 27 gold pieces.

Inventory:

Hand Weapons
 a - a +0 hand axe of chaos (weapon)
Armour
 b - a +2 leather armour
 e - a +0 scale mail (worn)
Potions
 f - a potion of attraction {unknown}
Miscellaneous
 c - a piece from Xom's chessboard (15/15) (quivered)


   Skills:
 + Level 3.6 Fighting
 + Level 3.1 Axes
 + Level 2.1 Armour
 - Level 0.8 Dodging


You had one spell level left.
You didn't know any spells.
Your spell library was empty.

Dungeon Overview and Level Annotations

Branches:
Dungeon (2/15)

Altars:


Innate Abilities, Weirdness & Mutations

You are partially covered in large bone plates. (SH +4)


Message History

You feel strangely unstable.
It was a scroll of teleportation.
Xom is mildly amused.
The orc priest closely misses you.
The orc priest attacks as you move away!
The orc priest closely misses you.
A hobgoblin comes into view.
The orc priest attacks as you move away!
The orc priest hits you with a +0 club.
* * * LOW HITPOINT WARNING * * *
The hobgoblin shouts!
Your surroundings suddenly seem different.
Found a fuming brown potion.
You start resting.
Something unseen opens the door.
You start resting.
An orc is nearby!
An orc is nearby!
An orc is nearby!
Found a murky cyan potion.
A frilled lizard comes into view.
The frilled lizard hisses angrily.
The frilled lizard closely misses you.
You hit the frilled lizard.
You kill the frilled lizard!
You see here a frilled lizard corpse.
You start resting.
An orc is nearby!
An orc is nearby!
The orc priest shouts!
The orc priest begins to cast a cantrip, but forgets the words!
You closely miss the orc priest. x2
The orc priest hits you with a +2 flail of draining.
* * * LOW HITPOINT WARNING * * *
You feel drained. The orc priest closely misses you.
You barely miss the orc priest. You hit the orc priest.
You burn the orc priest.
The orc priest hits you with a +2 flail of draining.
* * * LOW HITPOINT WARNING * * *
You feel drained.
You die...
Xom giggles madly!

.. .. .. # .##.#
..#.##########.....
........†o.........
.##..#..#......##.#
.##.##..#.#.......#
.......o#.#........
.......@ooo..####.#
.##.##.##o#....!...
#. #. #!#.o####.. .
.. ..#..........# #
##.#..##.####....#
#.# .# ... .. ..
... .. ..#.)# o.# #
#.# .. #..# ..# #.
#.#


You could see 2 orc priests and 3 orcs.

Vanquished Creatures
  A gnoll (D:1)
  A worm (D:3)
  An endoplasm (D:1)
  A hobgoblin (D:1)
  2 jackals (D:2)
  A kobold (D:1)
  A quokka (D:1)
  2 frilled lizards (D:3)
  3 goblins (D:1)
  2 rats (D:1)
15 creatures vanquished.

Notes
Turn   | Place    | Note
-------+----------+-------------------------------------------
     0 | D:1      | Vulpanium the Demonspawn Chaos Knight began the quest for
                  | the Orb.
     0 | D:1      | Reached XP level 1. HP: 18/18 MP: 1/1
   156 | D:1      | XOM: 5-stop teleportation journey
   450 | D:1      | Gained mutation: You are partially covered in large bone
                  | plates. (SH +4) [demonic ancestry]
   450 | D:1      | Reached XP level 2. HP: 14/24 MP: 2/2
   479 | D:1      | XOM: silly message
   844 | D:2      | You fall into a shaft and drop 1 floor!
   948 | D:3      | HP: 1/24 [orc priest/+0 club (4)]
   973 | D:3      | HP: 1/23 [orc priest/+2 flail of draining (2)]
   973 | D:3      | Slain by an orc priest

Illustrated notes

Levels and vault maps discovered:
D:1:      co_arrival_square_in_a_square_in_a_square, layout_basic
D:2:      layout_basic, serial_shops, shop, basic_altar,
          hangedman_decor_opposing
D:3:      layout_basic, mainiacjoe_overflow_cross_hatched,
          hellmonk_ecumenical_altar_dog_temple, serial_shops, shop_statue,
          minivault_5, uniq_jessica

Skill      XL: |  1  2 |
---------------+-------+-----
Axes           | 3 |  3.1
Armour         | 2 |  2.1
Fighting       | |  3.6
Dodging        | |  0.8

Action                   || total
-------------------------++-------
Melee: Hand axe          ||    46
  Use: Scroll            ||     2
Armor: Leather armour    ||     6
       Scale mail        ||     5
Dodge: Dodged            ||    24
Block: Other             ||     3
